[Event "*** SCC Grand Prix: Titled Tuesday Blitz"]
[Site "Chess.com"]
[Date "2020.08.25"]
[Round "1"]
[White "Rodalquilar"]
[Black "davigator"]
[Result "1/2-1/2"]
[WhiteElo "2629"]
[BlackElo "2311"]
[TimeControl "180+1"]
[EndTime "10:07:31 PDT"]
[Termination "Game drawn by repetition"]

1. d4 Nf6 2. Bf4 c5 3. e3 d5 4. Nf3 Bf5 5. dxc5 Qa5+ 6. Nc3 Qxc5 7. Nb5 Na6 8. c3 Ne4 9. Be2 f6 10. h3 e5 11. Bh2 Be7 12. O-O O-O 13. b4 Qc6 14.
Qb3 Be6 15. Rfd1 Rfd8 16. Nbd4 exd4 17. b5 Qxc3 18. bxa6 bxa6 19. Nxd4 Bf7 20. Bxa6 Qxb3 21. axb3 Nc5 22. Bb5 a6 23. Be2 Bd6 24. b4 Bxh2+ 25. Kxh2 Ne4 26. Bxa6 Nxf2 27. Rdc1 g6 28. b5 Nd3 29.
Rc6 Nb4 30. Rxf6 Kg7 31. Raf1 Rd7 32. Nc6 Nxa6 33. Ne5 Re7 34. Rxf7+ Rxf7 35. Rxf7+ Kg8 36. bxa6 Rxa6 37. Rd7 Ra3 38. Ng4 h5 39. Nf6+ Kf8 40. Nxd5 Rd3 41. e4 Rd2 42. e5 Re2 43. Re7 Rd2 44.
Rd7 Re2 45. Rd8+ Kf7 46. Rd7+ Kf8 1/2-1/2

[Event "*** SCC Grand Prix: Titled Tuesday Blitz"]
[Site "Chess.com"]
[Date "2020.08.25"]
[Round "1"]
[White "David_Paravyan"]
[Black "profofchess"]
[Result "1-0"]
[WhiteElo "2975"]
[BlackElo "2449"]
[TimeControl "180+1"]
[EndTime "10:07:32 PDT"]
[Termination "David_Paravyan won by resignation"]

1. d4 Nf6 2. c4 e6 3. Nf3 c5 4.
g3 cxd4 5. Nxd4 d5 6. Bg2 e5 7.
Nf3 d4 8. O-O Nc6 9. e3 Be7 10.
exd4 exd4 11. b4 Bxb4 12. Nxd4 O-O 13. Bxc6 bxc6 14. Nxc6 Qxd1 15. Rxd1 Bc5 16. Ba3 Bxa3 17. Nxa3 Bb7 18. Ne7+ Kh8 19. Nb5 Rae8 20. Re1 Be4 21. Nd5 Bxd5 22. cxd5 Rxe1+ 23. Rxe1 Nxd5 24. Rd1 Nb4 25. a3 Nc6 26. Rc1 a6 27. Rxc6 axb5 28. Rb6 Ra8 29. Rxb5 g6 30. Rb3 Kg7 31. h4 h5 32. Kf1 Ra4 33. Ke2 f6 34. Kd2 g5 35.
hxg5 fxg5 36. Kc3 h4 37. gxh4 gxh4 38. Kb2 Kg6 39. Rb8 Kg5 40. Kb3 Ra7 41. Rh8 Kg4 42.
a4 Ra5 43. Kb4 Rc5 44. Kxc5 1-0

[Event "*** SCC Grand Prix: Titled Tuesday Blitz"]
[Site "Chess.com"]
[Date "2020.08.25"]
[Round "1"]
[White "Aleksandar-Topalov"]
[Black "remi04"]
[Result "1/2-1/2"]
[WhiteElo "2274"]
[BlackElo "2584"]
[TimeControl "180+1"]
[EndTime "10:07:32 PDT"]
[Termination "Game drawn by repetition"]

1. b3 Nf6 2. Bb2 g6 3. Bxf6 exf6 4. c4 d5 5. cxd5 Qxd5 6. Nc3 Qa5 7. a3 c6 8. e3 f5 9. Nge2 Bg7 10. g3 O-O 11. Bg2 Nd7 12. b4 Qd8 13. O-O Ne5 14. d4 Nc4 15. Qd3 Be6 16. Rfc1 a5 17. Na4 axb4 18. axb4 Rxa4 19. Rxa4 Nb2 20. Qa3 Nxa4 21. Qxa4 Qb6 22.
Nf4 Bd7 23. Nd3 Rd8 24. Nc5 Be8 25. Qa5 Qxa5 26. bxa5 Ra8 27. Nxb7 Ra7 28. Rb1 Bf8 29.
Bf1 Bd7 30. a6 Kg7 31. Nc5 Bxc5 32. dxc5 Bc8 33. Rb6 Rc7 34. Bg2 Ra7 35. Bxc6 Bxa6 36. Bf3 Bd3 37. h4 Be4 38. Kg2 Rc7 39. Rb5 Kf6 40. Ra5 Ke6 41. g4 Bxf3+ 42. Kxf3 fxg4+ 43. Kxg4 h6 44. h5 f5+ 45. Kf4 g5+ 46. Kf3 Rc6 47.
Ra8 Kd5 48. Rf8 Ke5 49. Rg8 Rxc5 50. Rg6 g4+ 51. Kg3 Rc3 52. Rxh6 f4+ 53. Kxg4 fxe3 54.
fxe3 Rxe3 55. Rh8 Kf6 56. Rh6+ Kg7 57. Rg6+ Kh7 58. Ra6 Re1 59. Ra7+ Kh6 60. Ra6+ Kh7 61. Ra7+ Kh6 62. Ra6+ Kh7 1/2-1/2

[Event "*** SCC Grand Prix: Titled Tuesday Blitz"]
[Site "Chess.com"]
[Date "2020.08.25"]
[Round "1"]
[White "CraiggoryC"]
[Black "Unkreativ3"]
[Result "1-0"]
[WhiteElo "2132"]
[BlackElo "2410"]
[TimeControl "180+1"]
[EndTime "10:07:32 PDT"]
[Termination "CraiggoryC won by checkmate"]

1. e4 c5 2. Nc3 Nc6 3. Bb5 g6 4. Bxc6 bxc6 5. f4 Bg7 6. Nf3 Nf6 7. O-O O-O 8. d3 d6 9. Qe1 Rb8 10. b3 Qa5 11. Bd2 Qc7 12. Qh4 Nd7 13. f5 f6 14.
fxg6 hxg6 15. Bh6 Nb6 16. Rf2 Be6 17. Raf1 Bf7 18. Ne2 Nd7 19. Ng3 Ne5 20. Nxe5 fxe5 21. Nf5 Bf6 22. Qg3 Rfc8 23. Bg5 gxf5 24. Bxf6+ Kf8 25.
Qg7+ Ke8 26. Rxf5 Be6 27. Rh5 Rd8 28. Rh8+ Kd7 29. Qxe7+ Kc8 30. Qxe6+ Kb7 31. Rxd8 Rxd8 32. Bxd8 Qxd8 33. Rf7+ Kb6 34. Rd7 Qh4 35. g3 Qh6 36. Qxh6 a5 37. Qxd6 Kb5 38. Rc7 Kb4 39. Rxc6 Ka3 40. Qxc5+ Kb2 41. Qxa5 Ka1 42. b4 Kb2 43. b5 Ka1 44. b6 Kb1 45. b7 Ka1 46. Qxe5+ Kxa2 47.
b8=Q Ka3 48. Ra6# 1-0

[Event "*** SCC Grand Prix: Titled Tuesday Blitz"]
[Site "Chess.com"]
[Date "2020.08.25"]
[Round "1"]
[White "Shield12"]
[Black "Barmen_EV"]
[Result "1-0"]
[WhiteElo "2858"]
[BlackElo "2424"]
[TimeControl "180+1"]
[EndTime "10:07:33 PDT"]
[Termination "Shield12 won on time"]

1. e4 c5 2. Nf3 Nc6 3. Bb5 e6 4. Bxc6 bxc6 5. d3 Ne7 6. Qe2 Ng6 7. h4 h5 8. e5 Be7 9. Nc3 f6 10. Qe4 Kf7 11. Bd2 d5 12. exd6 Qxd6 13. Qc4 a5 14. O-O-O Ba6 15. Qe4 e5 16. Rhe1 Rab8 17. Qf5 Bc8 18.
Ng5+ Kg8 19. Qxg6 fxg5 20. Qxd6 Bxd6 21. Bxg5 Bg4 22. f3 Bf5 23. Ne4 Bf8 24. Be3 c4 25. dxc4 Kf7 26. Bg5 Bb4 27. c3 Be7 28. Nd6+ Bxd6 29.
Rxd6 Rhe8 30. Rxc6 a4 31. Rc5 Rec8 32. Rexe5 g6 33.
Rxc8 Rxc8 34. b3 axb3 35. axb3 Ra8 36. Kb2 Rb8 37. b4 Bd3 38. Kb3 Bf1 39. b5 Bxg2 40. Kb4 Bxf3 41. c5 Bc6 42. c4 Be8 43. Re7+ Kf8 44.
Rc7 Ra8 45. c6 Ra1 46. Kc5 Rb1 47. b6 Rb3 48. b7 Rb2 49. Rc8 Kf7 50. b8=Q Rxb8 51.
Rxb8 Bxc6 52. Kxc6 Ke6 53. c5 Kf5 54. Kd5 Kg4 55. c6 Kf5 56. c7 Kg4 57. c8=Q+ Kg3 58. Rb3+ Kf2 59. Qc2+ 1-0

[Event "*** SCC Grand Prix: Titled Tuesday Blitz"]
[Site "Chess.com"]
[Date "2020.08.25"]
[Round "1"]
[White "davidkalashian"]
[Black "julinha97"]
[Result "1-0"]
[WhiteElo "2615"]
[BlackElo "2283"]
[TimeControl "180+1"]
[EndTime "10:07:33 PDT"]
[Termination "davidkalashian won by resignation"]

1. d4 Nf6 2. c4 g6 3. Nc3 d5 4. Bf4 Bg7 5. e3 O-O 6. Rc1 c5 7. dxc5 Qa5 8. Nf3 Ne4 9. cxd5 Nxc3 10. Qd2 Qxc5 11. bxc3 Rd8 12. c4 Na6 13. Be2 Bg4 14. O-O e6 15. e4 Bxf3 16. Bxf3 b6 17. e5 Rac8 18. Rfe1 Qb4 19. d6 Qxd2 20. Bxd2 Nc5 21. Bg5 Rd7 22. Re3 h6 23. Be7 Bf8 24. Bxf8 Kxf8 25. Be2 Kg7 26. f4 h5 27. h4 Na4 28.
Ra3 Nc5 29. Bf3 Rcd8 30. Bc6 a5 31. Bxd7 Nxd7 32. Rb3 Rc8 33. Rb5 Rc6 34. a3 f6 35.
Kf2 fxe5 36. fxe5 Kf7 37. Ke3 Kg7 38. Kd4 Nc5 39. Rcb1 Nd7 40. R5b2 Kh7 41. Rf2 Kg7 42. Rbf1 Nc5 43. Rf7+ Kh6 44. Rc7 Nb3+ 45. Kc3 1-0

[Event "*** SCC Grand Prix: Titled Tuesday Blitz"]
[Site "Chess.com"]
[Date "2020.08.25"]
[Round "1"]
[White "poppy73"]
[Black "JesseKraai"]
[Result "0-1"]
[WhiteElo "2234"]
[BlackElo "2559"]
[TimeControl "180+1"]
[EndTime "10:07:33 PDT"]
[Termination "JesseKraai won on time"]

1. e4 d6 2. d4 Nf6 3. Nc3 e5 4.
Nf3 Nbd7 5. Bc4 Be7 6. O-O c6 7. a4 O-O 8. Re1 Qc7 9. h3 b6 10. d5 Bb7 11. dxc6 Bxc6 12. Bb3 Qb7 13. Nd5 Bxd5 14.
exd5 Nc5 15. c4 Nfd7 16. Bc2 a5 17. b3 Bf6 18. Bb2 g6 19. Nd2 Bg7 20. Nb1 f5 21.
Na3 Rae8 22. Nb5 Qb8 23. Qd2 Nf6 24. f3 Nh5 25. b4 axb4 26. Qxb4 Nf4 27. a5 Nfd3 28.
Bxd3 Nxd3 29. Qxd6 Nxb2 30. Qxb8 Rxb8 31. a6 Nd3 32. a7 Ra8 33. Red1 e4 34. Ra2 Rf7 35. d6 Rb7 36. Nc7 Raxa7 37. Rxa7 Rxa7 38. d7 Bd4+ 39. Kh1 Bf6 40. Nd5 Bd8 41. Rb1 Kf7 42. Rb5 Ke6 43.
Nxb6 Bxb6 44. Rxb6+ Kxd7 45. Rf6 e3 46. Rf7+ Ke6 47. Rxa7 e2 48. Ra1 Nf2+ 49. Kg1 Nd1 0-1

[Event "*** SCC Grand Prix: Titled Tuesday Blitz"]
[Site "Chess.com"]
[Date "2020.08.25"]
[Round "1"]
[White "salimalamri2020"]
[Black "aNaartjieZA"]
[Result "0-1"]
[WhiteElo "2038"]
[BlackElo "2478"]
[TimeControl "180+1"]
[EndTime "10:07:33 PDT"]
[Termination "aNaartjieZA won by resignation"]

1. e4 e6 2. d4 d5 3. Nc3 Bb4 4. e5 c5 5. a3 Bxc3+ 6. bxc3 Ne7 7. Qg4 Qc7 8. Qxg7 Rg8 9. Qxh7 cxd4 10. Ne2 Nbc6 11. f4 dxc3 12. Qd3 d4 13. Rb1 b6 14. h4 Bb7 15. h5 O-O-O 16. h6 Rh8 17. h7 Nf5 18. a4 Na5 19. Rg1 Nc4 20. g4 Nfe3 21. Bxe3 dxe3 22. Qxc3 Nd2 23. Qxc7+ Kxc7 24. Bg2 Bxg2 25.
Rxg2 Nxb1 26. Rh2 Nd2 27. Rh3 Nc4 28. g5 Rd2 29. f5 exf5 30. e6 fxe6 31. g6 Rd7 32. Nf4 Kd6 33. Nh5 Rdxh7 34. gxh7 Rxh7 35. Nf4 Rxh3 36. Nxh3 e5 37. Ke2 f4 38. Kd3 Kd5 39. Ng5 Nb2+ 40. Ke2 Nxa4 41. Kf3 Nc3 42.
Nh3 a5 43. Ng5 a4 44. Kg4 e2 45. Nf3 e4 46. Ne1 f3 47. Kg3 a3 0-1

[Event "*** SCC Grand Prix: Titled Tuesday Blitz"]
[Site "Chess.com"]
[Date "2020.08.25"]
[Round "1"]
[White "SmirnovAlexandrA"]
[Black "RobertoJBM"]
[Result "0-1"]
[WhiteElo "2294"]
[BlackElo "2631"]
[TimeControl "180+1"]
[EndTime "10:07:34 PDT"]
[Termination "RobertoJBM won on time"]

1. e4 c6 2. d4 d5 3. e5 Bf5 4. Nf3 e6 5. Be2 Nd7 6. O-O h6 7. Be3 Ne7 8. Nbd2 Bg6 9. Nh4 Bh7 10. c3 Nf5 11. Nxf5 Bxf5 12. a4 a6 13. b4 a5 14.
b5 Be7 15. Qb3 O-O 16. Rfd1 Qc7 17. Rac1 Rfc8 18. Nf3 Qb6 19. c4 dxc4 20. Bxc4 Qd8 21. bxc6 bxc6 22. Bd3 Rab8 23. Qc2 Bxd3 24. Qxd3 Nb6 25.
Qa6 Bb4 26. Ra1 Nd5 27. Rdc1 Qb6 28. Qd3 Qb7 29. g4 Qe7 30. h4 c5 31. dxc5 Bxc5 32. Bxc5 Rxc5 33. Rab1 Nb4 34. Qe3 Rbc8 35. Rxc5 Qxc5 36. Qxc5 Rxc5 37. Rd1 Nd5 38. Rb1 Rc4 39.
Rb8+ Kh7 40. g5 Rxa4 41. gxh6 gxh6 42. Kg2 Rg4+ 43. Kh3 Rb4 44. Kg3 Rxb8 0-1

[Event "*** SCC Grand Prix: Titled Tuesday Blitz"]
[Site "Chess.com"]
[Date "2020.08.25"]
[Round "1"]
[White "freshfoodcompany"]
[Black "emperor87"]
[Result "1-0"]
[WhiteElo "2364"]
[BlackElo "2662"]
[TimeControl "180+1"]
[EndTime "10:07:35 PDT"]
[Termination "freshfoodcompany won by resignation"]

1. d4 d5 2. c4 e6 3. Nc3 Nf6 4. cxd5 exd5 5. Bg5 Be7 6. e3 c6 7. Bd3 Nbd7 8. Nge2 Nf8 9. O-O Ne6 10. Bh4 O-O 11.
Qc2 g6 12. f3 Ng7 13. Rae1 Re8 14. Nc1 b6 15. Bf2 c5 16. Rd1 Qc7 17. dxc5 bxc5 18. Rfe1 Be6 19. Bf1 Rac8 20. e4 d4 21. Nb5 Qb7 22. Na3 Red8 23. Nc4 Nfh5 24. b3 Ne8 25.
Nd3 Qb8 26. g4 Nhg7 27. Bg3 Qb7 28. Na5 Qb6 29. Nc4 Qb7 30. Na5 Qa8 31. Nf4 Bd6 32. Bd3 Qb8 33. Nxe6 Nxe6 34. e5 Be7 35. Be4 Bg5 36. Nc6 Rxc6 37. Bxc6 Be3+ 38. Kg2 N8c7 39.
Be4 Nd5 40. Bxd5 Rxd5 41. Rxe3 Qb7 42. Re4 a6 43. Qc4 Qc6 44. b4 Qb6 45. a3 Qc6 46. Bf2 g5 47. Bxd4 Qa4 48. Qxd5 Qxd1 49. Qa8+ Kg7 50.
Bf2 cxb4 51. axb4 h5 52. gxh5 Qd7 53. h6+ Kxh6 54. Qh8+ Kg6 55. h4 Nf4+ 56. Rxf4 gxf4 57. h5+ Kg5 58. Qf6+ Kxh5 59. Qh4+ Kg6 60. Qg4+ Qxg4+ 61. fxg4 Kg5 62. Kf3 f5 63. gxf5 Kxf5 64. Bd4 Ke6 65.
Kxf4 Kd5 66. Bc5 Ke6 67. Ke4 Kd7 68. Kf5 Kc7 69. e6 Kc6 70. Kf6 Kd5 71. e7 Kc4 72.
e8=Q 1-0

[Event "*** SCC Grand Prix: Titled Tuesday Blitz"]
[Site "Chess.com"]
[Date "2020.08.25"]
[Round "1"]
[White "dbrankovic68"]
[Black "j2806"]
[Result "1-0"]
[WhiteElo "2480"]
[BlackElo "2044"]
[TimeControl "180+1"]
[EndTime "10:07:36 PDT"]
[Termination "dbrankovic68 won by resignation"]

1. e4 c5 2. Nf3 d6 3. Bb5+ Bd7 4. a4 Nc6 5. O-O Nf6 6. Re1 e6 7. c3 Be7 8. d4 cxd4 9. cxd4 d5 10. exd5 Nxd5 11.
Nc3 Nxc3 12. bxc3 O-O 13. Bd3 Bf6 14. Qe2 Rc8 15. Ba3 Re8 16. Nd2 Qa5 17. Ne4 Be7 18. Bxe7 Rxe7 19. Nd6 Rb8 20. Rec1 Qc7 21. Ne4 Ree8 22.
Ng5 h6 23. Ne4 Ne7 24. Ng3 Nd5 25. Nh5 Nf4 26. Nxf4 Qxf4 27. g3 Qd6 28. Qe4 f5 29.
Qe5 Qxe5 30. dxe5 Bc6 31. a5 a6 32. Bc4 Kf7 33. Rab1 Red8 34. Rd1 Ke7 35. f4 Rxd1+ 36. Rxd1 Be4 37. Rd6 Rc8 38. Rxe6+ Kd7 39. Rd6+ Ke7 40. Rd4 Rc5 41. e6 Bc6 42. Bb3 Rxa5 43. Rb4 Rb5 44. Kf2 Rxb4 45. cxb4 b6 46. Ke3 a5 47. bxa5 bxa5 48. Kd4 a4 49. Ba2 Be4 50. Kc3 g5 51. Kb4 Bc2 52. Bc4 gxf4 53. gxf4 Kf6 54. Bd5 Ke7 55. Bc4 Kd6 56. Kc3 Bd1 57. Kb4 Bc2 58. Ba2 Bd1 59. Kc3 Bb3 60. Bxb3 axb3 61. Kxb3 Kxe6 62. Kc4 Kd6 63. Kd4 Ke6 64. Kc5 Kf6 65.
Kd5 Kg6 66. Ke5 h5 67. h4 Kg7 68. Kxf5 Kf7 69. Kg5 1-0

[Event "*** SCC Grand Prix: Titled Tuesday Blitz"]
[Site "Chess.com"]
[Date "2020.08.25"]
[Round "1"]
[White "Karina_Ivanova"]
[Black "QuintilianoR"]
[Result "0-1"]
[WhiteElo "2276"]
[BlackElo "2609"]
[TimeControl "180+1"]
[EndTime "10:07:37 PDT"]
[Termination "QuintilianoR won by resignation"]

1. d4 d5 2. Nf3 Nf6 3. g3 e6 4.
Bg2 Be7 5. O-O O-O 6. c4 dxc4 7. Qc2 a6 8. a4 c5 9. Qxc4 cxd4 10. Qxd4 Nc6 11.
Qxd8 Rxd8 12. Nc3 Bd7 13. Bf4 Rac8 14. Rfd1 Na5 15. Ne5 Be8 16. Be3 Nd7 17. Nxd7 Rxd7 18. Rxd7 Bxd7 19. Rd1 Be8 20. Ne4 Bxa4 21. Ra1 b5 22.
Nc3 Nc4 23. Nxa4 bxa4 24. Rc1 a3 25. bxa3 Bxa3 26. Rc2 Nd6 27. Rxc8+ Nxc8 28. Bb7 Ne7 29. Bxa6 Nd5 30. Bd4 Be7 31. Kf1 h6 32. e4 Nb4 33. Bc4 Nc6 34. Bc3 Bb4 35. Bxb4 Nxb4 36. e5 g5 37. f4 gxf4 38. gxf4 Kg7 39. Kf2 Nc6 40. Bd3 Ne7 41. Kf3 Nc6 42. Be4 Ne7 43.
Ke3 Nc8 44. Kd4 Ne7 45. Kc5 Ng6 46. Bxg6 Kxg6 47. Kd4 Kf5 48. Ke3 Kg4 49. Ke4 h5 50. Ke3 Kh3 51. Ke4 Kxh2 52. f5 Kg3 53. fxe6 fxe6 0-1

[Event "*** SCC Grand Prix: Titled Tuesday Blitz"]
[Site "Chess.com"]
[Date "2020.08.25"]
[Round "1"]
[White "WinstonSilvakov"]
[Black "elcandado"]
[Result "0-1"]
[WhiteElo "2111"]
[BlackElo "2502"]
[TimeControl "180+1"]
[EndTime "10:07:37 PDT"]
[Termination "elcandado won by resignation"]

1. e4 d6 2. d4 Nf6 3. Nc3 e5 4. Bg5 Be7 5. dxe5 dxe5 6. Qxd8+ Bxd8 7. Nf3 Nbd7 8. O-O-O c6 9. Bc4 h6 10. Bxf6 Bxf6 11.
a4 a5 12. h4 Nc5 13. Rde1 Ke7 14. Rhg1 Bg4 15. Nh2 Be6 16. Bxe6 Nxe6 17. g3 h5 18. Ne2 g6 19. Nf3 Nc5 20. Nd2 Nxa4 21. f4 exf4 22. e5 Bxe5 23. b3 Nc5 24. gxf4 Bf6 25. Nf3 Rhe8 26. f5 gxf5 27. Ned4+ Kf8 28. Nxf5 Bc3 29.
Rxe8+ Rxe8 30. Ng5 Re1+ 31. Rxe1 Bxe1 32. Nh7+ Kg8 33.
Nf6+ Kh8 34. Nxh5 Ne6 35. Nf6 b5 36. Nd7 a4 37. Kd1 a3 38. Kc1 Bc3 39. Kb1 Nd4 40. Nd6 Nxc2 41. Nxf7+ Kg7 42. Nfe5 Nb4 0-1

[Event "*** SCC Grand Prix: Titled Tuesday Blitz"]
[Site "Chess.com"]
[Date "2020.08.25"]
[Round "1"]
[White "Zarinur"]
[Black "english_player_89"]
[Result "0-1"]
[WhiteElo "2119"]
[BlackElo "2502"]
[TimeControl "180+1"]
[EndTime "10:07:39 PDT"]
[Termination "english_player_89 won on time"]

1. e4 e5 2. Nf3 Nc6 3. Nc3 Nf6 4. Bb5 Nd4 5. Bc4 Bc5 6. O-O d6 7. h3 O-O 8. d3 h6 9. Be3 c6 10. a4 a5 11. Bxd4 Bxd4 12. Nxd4 exd4 13. Ne2 c5 14. Nf4 Qe7 15. Nd5 Nxd5 16. Bxd5 Kh8 17. f4 Be6 18. f5 Bxd5 19. exd5 Rae8 20. f6 Qe3+ 21. Kh1 g6 22.
Qg4 Re5 23. Qh4 Rfe8 24. Rae1 Qg5 25. Qf2 Rxe1 26. Rxe1 Rxe1+ 27. Qxe1 Qxf6 28. Qxa5 Qf1+ 29. Kh2 Qf4+ 30. Kh1 Qc1+ 31. Kh2 Qxc2 32. Qa8+ Kg7 33. Qxb7 Qxd3 34. a5 Qe3 35. a6 d3 36. Qb3 Qf4+ 37.
Kh1 d2 38. a7 Qf1+ 39. Kh2 d1=Q 40. Qxd1 Qxd1 41. a8=Q Qd4 42. Qc6 Qe5+ 43. Kh1 h5 44. Qd7 h4 45. Qc7 g5 46. Qd7 Qxd5 47. Qg4 Qe5 48. Qh5 c4 0-1

[Event "*** SCC Grand Prix: Titled Tuesday Blitz"]
[Site "Chess.com"]
[Date "2020.08.25"]
[Round "1"]
[White "MattyDPerrine"]
[Black "AlexeiShirov"]
[Result "0-1"]
[WhiteElo "2362"]
[BlackElo "2701"]
[TimeControl "180+1"]
[EndTime "10:07:40 PDT"]
[Termination "AlexeiShirov won on time"]

1. e4 e5 2. Nf3 Nc6 3. d4 exd4 4. Nxd4 Bc5 5. Nb3 Bb4+ 6. Nc3 Nf6 7. Qe2 O-O 8. Bg5 h6 9. Bxf6 Qxf6 10. Qf3 Qxf3 11. gxf3 a5 12. a3 Be7 13. Nd5 Bd8 14. O-O-O Ne5 15. f4 Ng4 16. Rd2 d6 17. Nd4 Re8 18. Bb5 Rf8 19. Bc4 c6 20. Ne3 Bf6 21. Nef5 Rd8 22.
h3 d5 23. hxg4 dxc4 24. e5 Bxf5 25. Nxf5 Rxd2 26. Kxd2 Bd8 27. Nd6 b5 28. Ke2 Be7 29. Ne4 Rd8 30. Rd1 Rxd1 31. Kxd1 Kf8 32. Ke2 Ke8 33.
f5 Kd7 34. f4 Bd8 35. Nc3 Bb6 36. Ne4 Bd4 37. b3 Bb6 38. a4 cxb3 39. cxb3 Bd4 40. Kd3 Bb2 41. Nc5+ Ke7 42. Ke4 Bc1 43. Nd3 Bd2 44. Nf2 bxa4 45. bxa4 c5 0-1

[Event "*** SCC Grand Prix: Titled Tuesday Blitz"]
[Site "Chess.com"]
[Date "2020.08.25"]
[Round "1"]
[White "SzMM19"]
[Black "Fortitudine"]
[Result "0-1"]
[WhiteElo "2537"]
[BlackElo "2238"]
[TimeControl "180+1"]
[EndTime "10:07:40 PDT"]
[Termination "Fortitudine won on time"]

1. e4 c5 2. Nf3 d6 3. Bb5+ Nd7 4.
O-O g6 5. Re1 Bg7 6. c3 a6 7.
Bf1 Ngf6 8. d4 cxd4 9. cxd4 O-O 10. e5 Nd5 11. Nc3 Nxc3 12. bxc3 dxe5 13. dxe5 Nc5 14. Bg5 Qxd1 15. Raxd1 f6 16. exf6 exf6 17. Be3 b6 18. Bc4+ Kh8 19. Rd6 Na4 20. Bxb6 Nxc3 21. Re7 Bg4 22.
Nd4 Rae8 23. Rxe8 Rxe8 24. f3 Bc8 25. Ba5 Nd1 26. Bxa6 Bxa6 27. Rxa6 f5 28. Ne6 Bc3 29. Bc7 Bd4+ 30. Kf1 Ne3+ 31. Ke2 Nd5 32. Kd3 Nb4+ 33. Kxd4 Nxa6 34. Be5+ Kg8 35. Nf4 Nb4 36.
Bd6 Nxa2 37. Nd5 Kf7 38. Bf4 Rd8 39. Ke5 Rc8 40. h4 Nc3 41. Nb6 Rc6 42. Nd5 Nxd5 43. Kxd5 Rc2 44. g4 fxg4 45. fxg4 Rg2 46. h5 Rxg4 47.
hxg6+ Kxg6 48. Bb8 Kf5 49. Kc5 Re4 50. Kd5 h5 0-1

[Event "*** SCC Grand Prix: Titled Tuesday Blitz"]
[Site "Chess.com"]
[Date "2020.08.25"]
[Round "1"]
[White "Semen_Khanin"]
[Black "MashaFromRussia"]
[Result "1-0"]
[WhiteElo "2775"]
[BlackElo "2403"]
[TimeControl "180+1"]
[EndTime "10:07:41 PDT"]
[Termination "Semen_Khanin won by resignation"]

1. e4 c5 2. Nf3 Nc6 3. Bb5 d6 4. O-O Bd7 5. c4 Nf6 6. Nc3 e5 7. d3 Be7 8. a3 O-O 9. h3 Ne8 10.
Nd5 f5 11. exf5 Bxf5 12. Be3 Nf6 13. b4 Nxd5 14. cxd5 Nd4 15. Bxd4 exd4 16. Nd2 a6 17. Bc4 b5 18. Bb3 Bxd3 19. bxc5 Bxf1 20. Qxf1 Bh4 21. g3 Bxg3 22. Ne4 Be5 23. c6 Qh4 24. Qg2 Rf7 25. Rd1 Raf8 26. Rd3 Qf4 27. Bd1 Qc1 28. Qg4 a5 29. h4 b4 30. axb4 axb4 31. h5 h6 32.
Qe2 Rf4 33. Kg2 R8f5 34. Ng3 Rg5 35. Rd2 Rf7 36. Rc2 Qf4 37. Qd3 Qf6 38. c7 Rf8 39. c8=Q Rxg3+ 40. fxg3 1-0

[Event "*** SCC Grand Prix: Titled Tuesday Blitz"]
[Site "Chess.com"]
[Date "2020.08.25"]
[Round "1"]
[White "margarita_2703"]
[Black "bascheyaro"]
[Result "0-1"]
[WhiteElo "2390"]
[BlackElo "2746"]
[TimeControl "180+1"]
[EndTime "10:07:41 PDT"]
[Termination "bascheyaro won by resignation"]

1. Nf3 d5 2. d4 Nf6 3. c4 c6 4.
Nc3 g6 5. e3 Bg7 6. b3 O-O 7.
Bb2 Bg4 8. Be2 Nbd7 9. O-O dxc4 10. bxc4 Bxf3 11. Bxf3 e5 12. Qb3 exd4 13. exd4 Qb6 14. Rad1 Rfe8 15. h3 Rad8 16. c5 Qxb3 17. axb3 Nf8 18.
b4 a6 19. d5 Nxd5 20. Bxd5 cxd5 21. Rd2 Bxc3 22. Bxc3 Re4 23. Rfd1 Rc4 24. Bf6 Re8 25. Rxd5 Rxb4 26. Rd8 Rbe4 27. R1d6 R4e6 28. Rxe8 Rxe8 29. Bd4 Ne6 30. Be3 Rc8 31. Rd7 Rc7 32. Rd5 f6 33.
Kf1 Kf7 34. Ke2 Ke7 35. Kd3 Rd7 36. Rxd7+ Kxd7 37. Kc4 Kc6 38. f3 f5 39. Bf2 h5 40.
Be3 a5 41. Bd2 a4 42. Bb4 Nf4 43. g4 Nxh3 44. gxf5 gxf5 45. Be1 Ng5 46. f4 Ne6 47. Bg3 Nxc5 0-1

[Event "*** SCC Grand Prix: Titled Tuesday Blitz"]
[Site "Chess.com"]
[Date "2020.08.25"]
[Round "1"]
[White "elegant285"]
[Black "attack2mateU"]
[Result "0-1"]
[WhiteElo "2359"]
[BlackElo "2693"]
[TimeControl "180+1"]
[EndTime "10:07:41 PDT"]
[Termination "attack2mateU won by resignation"]

1. d4 Nf6 2. c4 g6 3. Nc3 d5 4.
cxd5 Nxd5 5. e4 Nxc3 6. bxc3 Bg7 7. Be3 c5 8. Rc1 Qa5 9. Qd2 O-O 10. Nf3 Rd8 11.
d5 e6 12. c4 Qxd2+ 13. Nxd2 b6 14. Be2 Na6 15. O-O Nb4 16. a3 Na2 17. Rc2 Nc3 18.
Bf3 exd5 19. exd5 Bf5 20. Rcc1 Bd3 21. Rfe1 Na2 22. Ra1 Bxa1 23. Rxa1 Nc3 24. Rc1 Na4 25. Bg5 Re8 26. d6 Rad8 27. Bc6 Nc3 28. Bxe8 Ne2+ 29.
Kh1 Rxd6 30. Re1 Re6 31. Bb5 Ng3+ 32. hxg3 Rxe1+ 33. Kh2 Ra1 34. a4 Bc2 35. Bf6 Ra2 36. Nf3 Bxa4 37. Ne5 Bxb5 38. cxb5 Ra5 39. Nc6 Rxb5 40.
Nxa7 Rb1 41. Nc8 c4 42. Ne7+ Kf8 43. Nd5 b5 44. Be7+ Ke8 45. Bb4 Kd7 46. Ba5 Kc6 47. Nc3 Rb3 48. Na2 Ra3 49. Nb4+ Kc5 50. Na6+ Kd4 51.
Bb6+ Kd3 52. Nc5+ Kc2 53. f4 b4 54. Ne4 b3 55. Bd4 b2 56. Bxb2 Kxb2 57. g4 Re3 58.
Nc5 c3 59. f5 c2 60. fxg6 fxg6 0-1

[Event "*** SCC Grand Prix: Titled Tuesday Blitz"]
[Site "Chess.com"]
[Date "2020.08.25"]
[Round "1"]
[White "Kavyev_Ruslan"]
[Black "teacher4chess"]
[Result "1-0"]
[WhiteElo "2475"]
[BlackElo "2032"]
[TimeControl "180+1"]
[EndTime "10:07:41 PDT"]
[Termination "Kavyev_Ruslan won by resignation"]

1. d4 e6 2. c4 c6 3. Nf3 d5 4. g3 Nf6 5. Bg2 Nbd7 6. O-O dxc4 7. Qc2 Nb6 8. a4 a5 9. Rd1 Bb4 10. Na3 Bxa3 11. bxa3 O-O 12. Ne5 Nbd5 13. Nxc4 b5 14. Ne5 Bb7 15. Nxc6 Bxc6 16. Qxc6 Rc8 17. Qa6 Nc3 18.
Re1 Qxd4 19. Be3 Nxe2+ 20. Kh1 Qb2 21. Qxb5 Qxb5 22. axb5 Nc3 23. b6 Nfd5 24. Rac1 Rb8 25. b7 h6 26. Bd4 Nb5 27. Bc5 Rfd8 28. a4 Nbc3 29. Rxc3 Nxc3 30. Ba7 Nxa4 31. Bxb8 Rxb8 32. Ra1 Nb6 33. Rxa5 Kf8 34. Ra8 Nd7 35. Bc6 Ke7 36.
Bxd7 Rxb7 37. Bc6 Rb2 38. Kg2 f5 39. Ra7+ Kf6 40. Ra6 Re2 41. Bb5 Re1 42. Bc4 g5 43. h3 f4 44. g4 Re4 45. Ba2 Re2 46. Kf3 Re1 47. Ra7 Rh1 48. Kg2 Re1 49. Bb3 Ke5 50. Rh7 Kd4 51. Rxh6 e5 52. Rg6 e4 53. Rxg5 f3+ 54. Kg3 Rg1+ 55. Kf4 Rg2 56. Rd5+ Kc3 57. Kxe4 Kxb3 58. Kxf3 Rh2 59. Kg3 Rh1 60. h4 Kc4 61. Rd7 Kc5 62. h5 Kc6 63. Rd8 Kc7 64. Rd2 Kc6 65. g5 Rxh5 66. Kg4 Rh1 67. f4 Rg1+ 68. Kf5 Ra1 69. g6 Ra5+ 70. Kf6 Ra1 71. f5 Rg1 72. g7 Kc5 73. Kf7 Rg5 74. f6 Kc4 75. g8=Q Rxg8 76.
Kxg8 1-0

[Event "*** SCC Grand Prix: Titled Tuesday Blitz"]
[Site "Chess.com"]
[Date "2020.08.25"]
[Round "1"]
[White "Dr_crypt"]
[Black "DenLaz"]
[Result "0-1"]
[WhiteElo "2378"]
[BlackElo "2716"]
[TimeControl "180+1"]
[EndTime "10:07:42 PDT"]
[Termination "DenLaz won by resignation"]

1. d4 d5 2. Nf3 Nf6 3. Bf4 e6 4. e3 Bd6 5. Bg3 c5 6. c3 Qc7 7. Nbd2 Nbd7 8. dxc5 Nxc5 9. Be2 O-O 10. Bxd6 Qxd6 11.
O-O e5 12. c4 d4 13. exd4 exd4 14. b4 Ne6 15. c5 Qd8 16. Nb3 Nd5 17. Qd2 Ndf4 18.
Rad1 Qf6 19. Rfe1 Rd8 20. Bf1 b6 21. c6 d3 22. g3 Ng6 23. Bg2 Ba6 24. a4 Bc4 25.
Nc1 Bd5 26. b5 Bxf3 27. Bxf3 Qxf3 28. Nxd3 h6 29. Qc2 Nd4 30. Qb2 Qd5 31. Nb4 Nf3+ 32. Kf1 Qc4+ 33. Kg2 Nxe1+ 34. Rxe1 Nf8 35. Na6 Ne6 36.
c7 Nxc7 37. Rc1 Qd5+ 38. Kg1 Nxa6 39. bxa6 Rac8 40. Rxc8 Rxc8 41. Qb1 Qc6 42. Qe1 Qc1 43. Qxc1 Rxc1+ 0-1